 Dungeon Crawl Stone Soup version 0.22-a0-388-g09e6169 (webtiles) character file.

79 4thArraOfDagon the Slasher (level 4, 1/28 HPs)
             Began as a Tengu Abyssal Knight on Apr 29, 2018.
             Was a Believer of Lugonu.
             Quit the game on level 2 of the Dungeon.
             The game lasted 00:02:36 (1144 turns).

4thArraOfDagon the Slasher (Tengu Abyssal Knight)   Turns: 1144, Time: 00:02:37

Health: 1/28       AC:  6    Str: 13    XL:     4   Next: 38%
Magic:  6/6        EV:  8    Int: 18    God:    Lugonu [**....]
Gold:   137        SH:  0    Dex: 13    Spells: 3/3 levels left

rFire    . . .     SeeInvis .   a - +1 falchion
rCold    . . .     Gourm    .   (no shield)
rNeg     . . .     Faith    .   d - +0 chain mail
rPois    .         Spirit   .   (helmet restricted)
rElec    .         Reflect  .   (no cloak)
rCorr    .         Harm     .   (no gloves)
MR       +....     Clarity  +   (boots unavailable)
Stlth    ..........             (no amulet)
HPRegen  0.09/turn              h - ring of protection from magic
MPRegen  0.10/turn              (no ring)

@: brilliant, lethally poisoned (1 -> -2)
A: beak, talons 3, repulsion field 1, iridescent scales 1, clarity, deformed
body
a: Depart the Abyss, Bend Space, Renounce Religion


You were on level 2 of the Dungeon.
You worshipped Lugonu.
Lugonu was pleased with you.
You were hungry.

You visited 1 branch of the dungeon, and saw 2 of its levels.
You visited the Abyss 1 time.

You collected 137 gold pieces.

Inventory:

Hand Weapons
 a - a +1 falchion (weapon)
Armour
 d - a +0 chain mail (worn)
Jewellery
 h - a ring of protection from magic (left hand)
Scrolls
 b - 2 scrolls of remove curse {unknown}
 g - 3 scrolls of enchant weapon {unknown}
 i - a scroll of enchant armour {unknown}
 j - a scroll of amnesia {unknown}
 k - 2 scrolls of fear {unknown}
 l - a scroll of magic mapping {unknown}
Potions
 f - a potion of curing
Comestibles
 c - 6 rations


   Skills:
 - Level 3.0 Fighting
 + Level 5.0 Long Blades
 - Level 2.1 Armour
 - Level 1.1 Dodging
 - Level 1.5 Invocations


You had 3 spell levels left.
You didn't know any spells.

Dungeon Overview and Level Annotations

Branches:
Dungeon (2/15)

Altars:
Hepliaklqana
Qazlal


Innate Abilities, Weirdness & Mutations

You have a beak for a mouth.
You have claws for feet.
You are surrounded by a mild repulsion field. (EV +2)
You are partially covered in iridescent scales. (AC +2)
You possess an exceptional clarity of mind.
Armour fits poorly on your strangely shaped body.


Message History

You feel sick.
You hit the worm.
The worm is moderately wounded.
* * * LOW HITPOINT WARNING * * *
You feel sick. The worm barely misses you.
Unknown command.
* * * LOW HITPOINT WARNING * * *
You feel sick.
* * * LOW HITPOINT WARNING * * *
You feel sick.
* * * LOW HITPOINT WARNING * * *
You feel sick.
* * * LOW HITPOINT WARNING * * *
You feel sick.
* * * LOW HITPOINT WARNING * * *
You feel sick.
* * * LOW HITPOINT WARNING * * *
You feel sick.
Unknown command.
Are you sure you want to abandon this character and quit the game? (Confirm with "yes".)

##.##
#.####.###
##......
#######...#
#.# #...
#####
...w......###
#.# ####
.######l....#
#.#
.w.wl..w....#
#.#
†########...#
#.# .#####
##l####.##
w..l.#
#.......#
.###.#
######.@# .#
#..### ..
#######....#
..
........##.#
.#
.#########.#
.# #.# # #.#
# #########.#
###
#.#.........#
#


You could see a frilled lizard.

Vanquished Creatures
  3 adders (D:2)
  3 dart slugs
  3 leopard geckos
  A ball python (D:1)
  5 giant cockroaches
  8 goblins (D:1)
  3 hobgoblins
  3 jackals (D:1)
  A quokka (D:2)
  3 bats
  2 frilled lizards (D:1)
  A kobold (D:2)
  5 rats
41 creatures vanquished.

Notes
Turn   | Place    | Note
-------+----------+-------------------------------------------
     0 | Abyss:1  | 4thArraOfDagon the Tengu Abyssal Knight began the quest for the Orb.
     0 | Abyss:1  | Reached XP level 1. HP: 14/14 MP: 3/3
    34 | Abyss:3  | Found a corrupted altar of Lugonu.
    71 | Abyss:3  | Noticed a spatial maelstrom
    72 | D:1      | Escaped the Abyss
   161 | D:1      | Reached XP level 2. HP: 19/19 MP: 4/4
   194 | D:1      | Reached skill level 3 in Long Blades
   254 | D:1      | Reached * piety under Lugonu
   384 | D:1      | Reached XP level 3. HP: 23/23 MP: 5/5
   438 | D:1      | Reached skill level 4 in Long Blades
   888 | D:2      | Found a stormy altar of Qazlal.
   963 | D:2      | Reached XP level 4. HP: 12/28 MP: 6/6
   995 | D:2      | Found a hazy altar of Hepliaklqana.
  1109 | D:2      | Reached ** piety under Lugonu
  1120 | D:2      | Gained mutation: Your spells are a little easier to cast, but a little less powerful. [potion of mutation]
  1120 | D:2      | Gained mutation: You are agile. (Dex +2) [potion of mutation]
  1120 | D:2      | Gained mutation: You are partially covered in molten scales. (AC +2) [potion of mutation]
  1122 | D:2      | Lost mutation: Your spells are a little easier to cast, but a little less powerful. [potion of mutation]
  1122 | D:2      | Lost mutation: You are agile. (Dex +2) [potion of mutation]
  1122 | D:2      | Lost mutation: You are partially covered in molten scales. (AC +2) [potion of mutation]
  1122 | D:2      | Gained mutation: You are surrounded by a mild repulsion field. (EV +2) [potion of mutation]
  1122 | D:2      | Gained mutation: Armour fits poorly on your strangely shaped body. [potion of mutation]
  1122 | D:2      | Gained mutation: You are partially covered in iridescent scales. (AC +2) [potion of mutation]
  1122 | D:2      | Gained mutation: You possess an exceptional clarity of mind. [potion of mutation]
  1130 | D:2      | Reached skill level 5 in Long Blades
  1142 | D:2      | HP: 1/28 [poisoned by an adder]
  1144 | D:2      | Quit the game

Vault maps used:
D:1:      sevenhm_arrival_forest_fort_large_4, grunt_decor_resistance,
          hangedman_abyss_or_decor_lesser_grid
D:2:      lemuel_doored_altar, lemuel_crystal_altar, first_ration,
          grunt_qazlal_clouds
Abyss:1:  evilmike_abyss_exit_4
Abyss:2:  hangedman_abyss_overflow_altar, hangedman_abyss_feature_spike
Abyss:3:  evilmike_abyss_exit_1

Skill      XL: |  1  2  3  4 |
---------------+-------------+-----
Long Blades    | 3 4 5 |  5.0
Fighting       | |  3.0
Armour         | |  2.1
Dodging        | |  1.1
Invocations    | |  1.5

Action                   |  1- 3 |  4- 6 || total
-------------------------+-------+-------++-------
Melee: Falchion          |    84 |    19 ||   103
       Kick              |    20 |     5 ||    25
       Peck              |    16 |     3 ||    19
Invok: Depart the Abyss  |     1 |       ||     1
  Use: Potion            |       |     4 ||     4
Armor: Chain mail        |    58 |    16 ||    74
Dodge: Dodged            |    19 |     9 ||    28
       Rpst.: Falchion   |     4 |     2 ||     6

Table legend:
 A = Spawn XP
 B = Non-spawn XP
 C = Spawn XP percentage of total XP
 D = Spawn monster count
 E = Non-spawn monster count
 F = Spawn count percentage of total count
 G = Total turns spent on level
                    A         B        C        D         E        F      G
               +---------+---------+-------+---------+---------+-------+---------
         Total |       0 |     114 |   0.0 |       0 |      41 |   0.0 |  1144
               +---------+---------+-------+---------+---------+-------+---------
           D:1 |       0 |      54 |   0.0 |       0 |      28 |   0.0 |   808
           D:2 |       0 |      60 |   0.0 |       0 |      13 |   0.0 |   264
               +---------+---------+-------+---------+---------+-------+---------
